 Dungeon Crawl Stone Soup version 0.31.0-9-g3a7656b989 (webtiles) character file.

Game seed: 3228549106133318115

84 qw the Shooter (level 4, -4/25 HPs)
             Began as a Deep Elf Hunter on Feb 3, 2024.
             Incinerated by a bombardier beetle (5 damage)
             ... with a burning spray
             ... on level 3 of the Dungeon.
             The game lasted 00:00:09 (1743 turns).

qw the Shooter (Deep Elf Hunter)                    Turns: 1743, Time: 00:00:10

Health: -4/25      AC:  4    Str: 10    XL:     4   Next: 24%
Magic:  6/6        EV: 17    Int: 14    God:
Gold:   90         SH:  0    Dex: 18    Spells: 3/3 levels left

rFire   . . .        a - +0 shortbow
rCold   . . .        (shield currently unavailable)
rNeg    . . .        c - +0 leather armour
rPois   .            (no helmet)
rElec   .            (no cloak)
rCorr   .            (no gloves)
SInv    .            e - +0 pair of boots
Will    .....        (no amulet)
Stlth   +            h - +5 ring of evasion
HPRegen 0.24/turn    (no ring)
MPRegen 0.10/turn

%: no passive effects
@: on fire, glowing
A: no striking features
a: no special abilities


You were on level 3 of the Dungeon.
You visited 1 branch of the dungeon, and saw 3 of its levels.

You collected 90 gold pieces.


   Skills:
 - Level 1.5 Fighting
 + Level 7.7 Ranged Weapons
 - Level 2.4 Dodging
 - Level 1.2 Stealth


You had 3 spell levels left.
You didn't know any spells.
Your spell library was empty.

Inventory:

Hand Weapons
 a - a +0 shortbow (weapon)
Armour
 c - a +0 leather armour (worn)
 d - a +0 ring mail
 e - a +0 pair of boots (worn)
Jewellery
 h - a +5 ring of evasion (left hand)
Scrolls
 f - a scroll of identify
Potions
 b - a potion of haste
 g - a potion of curing
 i - a potion of enlightenment {unknown}

Dungeon Overview and Level Annotations

Branches:
Dungeon (3/15)

Altars:
Elyvilon


Message History

You now have 90 gold pieces (gained 12).
You open the door.
There is an open door here.
Found 5 stones.
You see here 5 stones.
You hear the rusting of a very distant drain.
Found a long sword.
A bombardier beetle comes into view.
You shoot an arrow.
The arrow hits the bombardier beetle but does no damage.
You shoot an arrow. The arrow hits the bombardier beetle!
The bombardier beetle is heavily wounded.
You shoot an arrow.
The arrow closely misses the bombardier beetle.
The bombardier beetle sprays incendiary fluid at you.
The burning spray hits you.
You are covered in liquid fire!
You shoot an arrow.
The arrow closely misses the bombardier beetle.
The liquid fire burns you!
You shoot an arrow.
The arrow barely misses the bombardier beetle.
The liquid fire burns you!
You shoot an arrow. The arrow hits the bombardier beetle.
The bombardier beetle is severely wounded.
The liquid fire burns you!
The bombardier beetle sprays incendiary fluid at you.
The burning spray hits you.
You are even more covered in liquid fire!
You shoot an arrow.
The arrow barely misses the bombardier beetle.
The liquid fire burns you! The bombardier beetle bites you.
You shoot an arrow.
The arrow closely misses the bombardier beetle.
The liquid fire burns you!
You shoot an arrow. The arrow hits the bombardier beetle.
The bombardier beetle is almost dead.
The liquid fire burns you!
You die...

#####
###...#####
#.........##
##.##...#...#
#)..#...###.#
###.#.#.....#
#@#.......#
#...B.#.####.###
#####.#.#......#
....#...######
..# #........#
#### #.######.#
... #.# #.######
#(# ...#....#
#.#


You could see a bombardier beetle.

Vanquished Creatures
  An adder (D:3)
  A gnoll (D:1)
  2 dart slugs
  2 ribbon worms (D:2)
  6 orcs
  2 bats
  6 endoplasms
  A giant cockroach (D:1)
  2 goblins
  3 hobgoblins (D:2)
  2 jackals (D:2)
  3 quokkas (D:1)
  8 ball pythons
  A frilled lizard (D:2)
  4 kobolds
  2 rats
46 creatures vanquished.

Notes
Turn   | Place    | Note
-------+----------+-------------------------------------------
     0 | D:1      | qw the Deep Elf Hunter began the quest for the Orb.
     0 | D:1      | Reached XP level 1. HP: 12/12 MP: 3/3
     0 | D:1      | 0 ||| qw: Version: 0.3-a-155-g5e7d8dd
     0 | D:1      | 0 ||| qw: Game counter: 3015
     0 | D:1      | 0 ||| qw: Melee chars always use a shield: true
     0 | D:1      | 0 ||| qw: God list: Okawaru
     0 | D:1      | 0 ||| qw: Allow faded altars: false
     0 | D:1      | 0 ||| qw: Do Orc after clearing Dungeon:15 true
     0 | D:1      | 0 ||| qw: Do second Lair branch before Depths: true
     0 | D:1      | 0 ||| qw: Lair rune preference: random
     0 | D:1      | 0 ||| qw: Goals: Normal
     0 | D:1      | 0 ||| PLANNING D:1-11
   155 | D:1      | Reached skill level 6 in Ranged Weapons
   155 | D:1      | Reached XP level 2. HP: 16/16 MP: 4/4
   784 | D:1      | Reached XP level 3. HP: 20/20 MP: 5/5
   835 | D:1      | 835 ||| UPGRADING to +0 pair of boots.
   840 | D:1      | 840 ||| READING scroll labelled FOPTUI LA ETI.
   840 | D:1      | 840 ||| IDENTIFYING golden potion
   841 | D:1      | 841 ||| DROPPING scroll of butterflies.
   842 | D:1      | 842 ||| DROPPING potion of invisibility.
   944 | D:2      | HP: 4/20 [ribbon worm (8)]
  1053 | D:2      | Found a white marble altar of Elyvilon.
  1171 | D:2      | Reached skill level 7 in Ranged Weapons
  1407 | D:2      | 1407 ||| UPGRADING to +5 ring of evasion.
  1408 | D:2      | 1408 ||| READING 3 scrolls of identify.
  1408 | D:2      | 1408 ||| IDENTIFYING murky orange potion
  1409 | D:2      | 1409 ||| READING 2 scrolls of identify.
  1409 | D:2      | 1409 ||| IDENTIFYING puce potion
  1410 | D:2      | 1410 ||| READING scroll of identify.
  1410 | D:2      | 1410 ||| IDENTIFYING scroll labelled SAYTIFR NOLI
  1411 | D:2      | 1411 ||| READING scroll labelled EXTISCH NUMMU.
  1414 | D:2      | 1414 ||| DROPPING scroll of poison.
  1448 | D:3      | 1448 ||| PLANNING SEWER
  1448 | D:3      | 1448 ||| STAIRDANCE
  1452 | D:3      | 1452 ||| STAIRDANCE
  1510 | D:3      | Reached XP level 4. HP: 13/25 MP: 6/6
  1741 | D:3      | HP: 6/25 [burnt (5)]
  1742 | D:3      | HP: 1/25 [burnt (4)]
  1743 | D:3      | Incinerated by a bombardier beetle

Levels and vault maps discovered:
D:1:      dpeg_arrival_central, layout_basic
D:2:      layout_rooms, basic_altar
D:3:      layout_basic, nicolae_ecumenical_snake_handling, serial_shops, shop,
          lightli_sewer_entry_pipes

Skill      XL: |  1  2  3 |
---------------+----------+-----
Ranged Weapons | 6 7 |  7.7
Fighting       | |  1.5
Dodging        | |  2.4
Stealth        | |  1.2

Action                     |  1- 3 |  4- 6 || total
---------------------------+-------+-------++-------
   Fire: Shortbow          |   122 |    17 ||   139
    Use: Scroll            |     5 |       ||     5
 Armour: Leather armour    |    22 |     1 ||    23
  Dodge: Dodged            |    41 |       ||    41

Table legend:
 A = Non-vault XP
 B = Vault XP
 C = Vault XP percentage of total XP
 D = Non-vault monster count
 E = Vault monster count
 F = Vault count percentage of total count
                 A         B        C        D         E       F
            +---------+---------+-------+---------+---------+-------
      Total |     121 |       0 |   0.0 |      46 |       0 |   0.0
            +---------+---------+-------+---------+---------+-------
        D:1 |      42 |       0 |   0.0 |      16 |       0 |   0.0
        D:2 |      54 |       0 |   0.0 |      25 |       0 |   0.0
        D:3 |      25 |       0 |   0.0 |       5 |       0 |   0.0
            +---------+---------+-------+---------+---------+-------
